 Dungeon Crawl Stone Soup version 0.29-a0-668-g12ee2bf84d (webtiles) character file.

Game seed: 12125251334592994684

24 gobodom the Grave Robber (level 2, 0/19 HPs)
             Began as a Demonspawn Necromancer on June 24, 2022.
             Slain by Sigmund
             ... wielding a +0 scythe
              (8 damage)
             ... on level 2 of the Dungeon.
             The game lasted 00:04:29 (1135 turns).

gobodom the Grave Robber (Demonspawn Necromancer)   Turns: 1135, Time: 00:04:30

Health: 0/19       AC:  3    Str:  8    XL:     2   Next: 79%
Magic:  5/5        EV: 12    Int: 16    God:
Gold:   54         SH:  0    Dex: 13    Spells: 4/5 levels left

rFire   . . .      SeeInvis .   c - +0 dagger
rCold   . . .      Faith    .   (no shield)
rNeg    . . .      Spirit   .   a - +0 robe
rPois   .          Reflect  .   (no helmet)
rElec   .          Harm     .   f - +0 cloak
rCorr   .          Rampage  .   (no gloves)
Will    .....                   (no boots)
Stlth   +.........              (no amulet)
HPRegen 0.06/turn               (no ring)
MPRegen 0.09/turn               (no ring)

@: confused
A: powered by pain 1
a: no special abilities


You were on level 2 of the Dungeon.
You visited 1 branch of the dungeon, and saw 2 of its levels.

You collected 54 gold pieces.

Inventory:

Hand Weapons
 c - a +0 dagger (weapon)
Armour
 a - a +0 robe (worn)
 f - a +0 cloak (worn)
Magical Staves
 h - a staff of earth
Scrolls
 d - a scroll of immolation {unknown}
 e - a scroll of silence {unknown}
 g - a scroll of vulnerability {unknown}
 i - a scroll of amnesia {unknown}
Potions
 b - 2 potions of magic
 j - a potion of brilliance {unknown}
 k - a potion of might {unknown}


   Skills:
 + Level 0.2 Short Blades
 + Level 1.8 Dodging
 + Level 1.8 Stealth
 + Level 2.3 Spellcasting
 + Level 5.0 Necromancy


You had 4 spell levels left.
You knew the following spells:

 Your Spells              Type           Power      Damage    Failure   Level
a - Necrotize             Necr           68%        1d7       2%          1

Your spell library contained the following spells:

 Spells                   Type           Power      Damage    Failure   Level
 Vampiric Draining        Necr           17%        2d7       8%          3
 Animate Dead             Necr           17%        N/A       26%         4
 Agony                    Necr           17%        N/A       56%         5


Dungeon Overview and Level Annotations

Branches:
Dungeon (2/15)

Altars:

Annotations:
D:2 Sigmund


Innate Abilities, Weirdness & Mutations

You sometimes gain a little power by taking damage.


Message History

You climb downwards.
Found a stone staircase leading down.
There is a stone staircase leading up here.
The helpless jackal fails to defend itself.
You puncture the jackal!
You kill the jackal!
The jackal barks!
Sigmund shouts!
Sigmund drinks a potion.
Sigmund seems to speed up. 2 bats come into view.
The jackal writhes in agony.
Sigmund gestures wildly while chanting.
Sigmund flickers and vanishes!
Deactivating autopickup; reactivate with Ctrl-A.
The jackal writhes in agony.
You kill the jackal!
The dead are walking!
Your Necromancy skill increases to level 5!
The bat barely resists.
The bat closely misses you. The bat barely misses you.
The bat closely misses you.
You are confused.
You're too confused to cast spells.
Unknown command.
Are you sure you want to stumble around while confused and next to your jackal skeleton?
Uppercase [Y]es or [N]o only, please.
Are you sure you want to stumble around while confused and next to your jackal skeleton?
The bat closely misses you. Something hits you!
Ouch! That really hurt!
You focus on the pain.
You feel your power returning. The bat hits you but does no damage.
Your jackal skeleton barely misses the bat.
The bat barely misses you.
You hear some strange, mumbled words.
Something tries to affect you, but you resist.
Your jackal skeleton bites the bat.
The bat hits your jackal skeleton.
You bump into the rock wall.
The bat closely misses you. The bat misses you.
Something hits you but does no damage.
Your jackal skeleton bites the bat.
The bat dies!
You miss something. The bat hits you but does no damage. Something hits you!
You die...

##.## ##...##
#.....## ......#
.....#
#######...#####
#.............. #
#.#####...##
....##....@.Z...#
#...†<###b........
#.............##.#
#.....>.......# .
.............#....
#.#.......#........
.........##.##.....
..###...###.. .....
#. #.#.# #


You could see a bat and a friendly jackal skeleton.

Vanquished Creatures
  A bat (D:1)
  2 endoplasms (D:1)
  A giant cockroach (D:1)
  A goblin (D:1)
  2 hobgoblins (D:1)
  5 jackals
  3 kobolds (D:1)
  2 ball pythons (D:1)
  2 rats (D:1)
19 creatures vanquished.

Vanquished Creatures (collateral kills)
  A giant cockroach (D:1)
  A bat (D:2)
2 creatures vanquished.

Grand Total: 21 creatures vanquished

Notes
Turn   | Place    | Note
-------+----------+-------------------------------------------
     0 | D:1      | gobodom the Demonspawn Necromancer began the quest for the
                  | Orb.
     0 | D:1      | Reached XP level 1. HP: 13/13 MP: 3/3
   126 | D:1      | Gained mutation: You sometimes gain a little power by
                  | taking damage. [demonic ancestry]
   126 | D:1      | Reached XP level 2. HP: 19/19 MP: 0/5
   669 | D:1      | Found a faded altar of an unknown god.
  1122 | D:2      | Noticed Sigmund
  1130 | D:2      | Reached skill level 5 in Necromancy
  1135 | D:2      | Slain by Sigmund

Illustrated notes

Levels and vault maps discovered:
D:1:      co_arrival_random_square_maze, layout_basic,
          chequers_ecumenical_altar_twisty,
          nicolae_concentric_dashed_squares_wild
D:2:      layout_loops_ring, uniq_sigmund

Skill      XL: |  1  2 |
---------------+-------+-----
Necromancy     | 5 |  5.0
Short Blades   | |  0.2
Dodging        | |  1.8
Stealth        | |  1.8
Spellcasting   | |  2.3

Action                   || total
-------------------------++-------
Melee: Dagger            ||    19
 Cast: Necrotize         ||    24
 Stab: Sleeping          ||     1
Armor: Robe              ||     6
Dodge: Dodged            ||    20

Table legend: (Time is in decaauts)
 A = Elapsed time spent in this place.
 B = Non-inter-level travel time spent in this place.
 C = Inter-level travel time spent in this place.
 D = Time resting spent in this place.
 E = Time spent auto-exploring this place.
 F = Levels seen in this place.
 G = Mean time per level.
                   A        B        C        D        E       F      G
               +--------+--------+--------+--------+--------+-----+--------+
         Total |   1134 |   1134 |      0 |      0 |    665 |   2 |  567.0 |
       Dungeon |   1134 |   1134 |      0 |      0 |    665 |   2 |  567.0 |
               +--------+--------+--------+--------+--------+-----+--------+

Top non-repeatable levels by time:
     D:1: 1121 daAuts
     D:2: 12 daAuts
